 Dungeon Sprint DCSS version 0.19-a0-262-g5df7875 (webtiles) character file.

797 Kidiri the Fighter (level 7, -9/106 HPs)
             Began as a Minotaur Fighter on May 25, 2016.
             Was a Believer of Ukayaw.
             Mangled by a skeletal warrior
             ... wielding a +0 halberd
              (24 damage)
             ... in the Dungeon (Sprint IX: "|||||||||||||||||||||||||||||").
             The game lasted 00:02:39 (577 turns).

Kidiri the Fighter (Minotaur Fighter)                Turns: 577, Time: 00:02:41

Health: -9/106     AC: 13    Str: 26    XL:     7   Next: 58%
Magic:  6/9        EV: 11    Int: 13    God:    Ukayaw [**....]
Gold:   0          SH: 12    Dex: 14    Spells: 0 memorised, 6 levels left

rFire  . . .     SeeInvis .     p - +1 broad axe "Jugul" {vamp, rN+ Int+5}
rCold  . . .     Gourm    .     q - +1 chain mail
rNeg   + . .     Faith    .     c - +0 shield
rPois  .         Spirit   .     (helmet restricted)
rElec  .         Dismiss  .     (no cloak)
rCorr  .         Reflect  .     (no gloves)
SustAt .         Harm     .     f - +0 pair of boots
MR     .....     NoTele   +     (no amulet)
Stlth  ..........               r - +3 ring of dexterity
                                b - +3 ring of intelligence

@: berserking, very quick, not resistant to hostile enchantments, extremely
unstealthy
A: retaliatory headbutt, horns 2
a: Stomp, Line Pass, Renounce Religion


You were in the Dungeon.
You worshipped Ukayaw.
Ukayaw was pleased with you.
You were not hungry.

You visited 1 branch

Inventory:

Hand Weapons
 a - a +0 war axe
 p - the +1 broad axe "Jugul" (weapon) {vamp, rN+ Int+5}
   (You found it in the Dungeon)

   It inflicts no extra harm, but heals its wielder somewhat when it strikes a
   living foe.
   It affects your intelligence (+5).
   It protects you from negative energy.
Armour
 c - a +0 shield (worn)
 f - a +0 pair of boots (worn)
 q - a +1 chain mail (worn)
Jewellery
 b - a +3 ring of intelligence (left hand)
 r - a +3 ring of dexterity (right hand)
Wands
 o - a wand of iceblast (5/15)
Scrolls
 k - a scroll of blinking
 m - 3 scrolls of remove curse
 n - 2 scrolls of amnesia
Potions
 e - 4 potions of curing
 h - a potion of haste
 i - 4 potions of magic
 l - a potion of invisibility


   Skills:
 * Level 9.7 Fighting
 * Level 8.8 Axes
 * Level 9.6 Armour
 * Level 7.0 Dodging
 * Level 9.6 Shields
 + Level 4.4 Invocations


You had 6 spell levels left.
You didn't know any spells.

Dungeon Overview and Level Annotations

Branches:
Dungeon (1/1)

Altars:
Cheibriados
Dithmenos
Elyvilon
Fedhas
Gozag
Hepliaklqana
Kikubaaqudgha
Makhleb
Nemelex Xobeh
Okawaru
Pakellas
Qazlal
Ru
Sif Muna
Trog
Ukayaw
Vehumet
Xom
Yredelemnul
Zin
The Shining One
Beogh
Jiyva
Lugonu


Innate Abilities, Weirdness & Mutations

You reflexively headbutt those who attack you in melee.
You have a pair of horns on your head.


Message History

The skeletal warrior is moderately damaged.
The skeletal warrior barely misses you. You furiously retaliate!
You headbutt the skeletal warrior!
You can now stomp with the beat.
You hit the skeletal warrior.
Your headbutt misses the skeletal warrior.
The skeletal warrior is severely damaged.
You completely miss the skeletal warrior.
The skeletal warrior is severely damaged.
You block the skeletal warrior's attack.
You slash the skeletal warrior!
The skeletal warrior is almost destroyed.
You can now pass through a line of other dancers.
You barely miss the skeletal warrior.
The skeletal warrior is almost destroyed.
The skeletal warrior hits you but does no damage.
Your chain mail prevents you from hitting the skeletal warrior.
The skeletal warrior is almost destroyed.
The skeletal warrior hits you with a halberd!!
You die... ▓▓▓▓▓▓▓▓▓▓▓▓▓▓▓▓▓▓▓▓▓▓▓▓▓▓▓▓▓▓▓▓▓ ________________@ztYZ[.[..'))...( ▓▓▓▓▓▓▓▓▓▓▓▓▓▓▓▓▓▓▓▓▓▓▓▓▓▓▓▓▓▓▓▓▓

You could see a skeletal warrior, a crocodile, an ice beast and an adder zombie.

Vanquished Creatures
  A centaur warrior (D)
  2 crimson imps (D)
  A hound (D)
  An orc wizard (D)
  A shadow imp (D)
  An adder zombie (D)
  A giant gecko (D)
  2 orcs (D)
  2 bat zombies (D)
  A giant cockroach (D)
  A goblin (D)
  A hobgoblin (D)
  A quokka skeleton (D)
  2 rats (D)
18 creatures vanquished.

Notes
Turn   | Place    | Note
--------------------------------------------------------------
     0 | D        | Kidiri the Minotaur Fighter began the quest for the Orb.
     0 | D        | Reached XP level 1. HP: 19/19 MP: 0/0
    73 | D        | Noticed a crimson imp
    75 | D        | Reached XP level 2. HP: 28/28 MP: 1/1
    81 | D        | Reached skill level 5 in Fighting
    92 | D        | Reached skill level 5 in Shields
   110 | D        | Killed a crimson imp
   110 | D        | Reached skill level 5 in Armour
   110 | D        | Reached XP level 3. HP: 29/37 MP: 2/2
   226 | D        | Found a glowing silver altar of Zin.
   226 | D        | Found a glowing golden altar of the Shining One.
   226 | D        | Found an ancient bone altar of Kikubaaqudgha.
   226 | D        | Found a basalt altar of Yredelemnul.
   226 | D        | Found a shimmering altar of Xom.
   226 | D        | Found a radiant altar of Vehumet.
   227 | D        | Found an iron altar of Okawaru.
   228 | D        | Found a burning altar of Makhleb.
   229 | D        | Found a deep blue altar of Sif Muna.
   230 | D        | Found a bloodstained altar of Trog.
   231 | D        | Found a sparkling altar of Nemelex Xobeh.
   232 | D        | Found a white marble altar of Elyvilon.
   233 | D        | Found a roughly hewn altar of Beogh.
   234 | D        | Found a viscous altar of Jiyva.
   235 | D        | Found a corrupted altar of Lugonu.
   236 | D        | Found a blossoming altar of Fedhas.
   237 | D        | Found a snail-covered altar of Cheibriados.
   238 | D        | Found a shadowy altar of Dithmenos.
   239 | D        | Found a stormy altar of Qazlal.
   240 | D        | Found an opulent altar of Gozag.
   241 | D        | Found a sacrificial altar of Ru.
   242 | D        | Found an oddly glowing altar of Pakellas.
   243 | D        | Found a hide-covered altar to Ukayaw.
   244 | D        | Found a hazy altar of Hepliaklqana.
   251 | D        | Became a worshipper of Ukayaw the Reveler
   262 | D        | Got the +1 broad axe "Jugul" {vamp, rN+ Int+5}
   300 | D        | Reached skill level 1 in Dodging
   300 | D        | Reached XP level 4. HP: 43/45 MP: 3/3
   300 | D        | Reached * piety under Ukayaw
   301 | D        | Reached skill level 1 in Invocations
   304 | D        | Reached skill level 5 in Axes
   310 | D        | Reached XP level 5. HP: 44/52 MP: 1/5
   355 | D        | Noticed a centaur warrior
   355 | D        | Noticed a skeletal warrior
   355 | D        | Noticed a crocodile
   355 | D        | Noticed an ice beast
   361 | D        | Reached ** piety under Ukayaw
   365 | D        | Killed a centaur warrior
   365 | D        | Reached XP level 6. HP: 44/66 MP: 2/8
   365 | D        | Reached XP level 7. HP: 47/71 MP: 2/9
   577 | D        | Mangled by a skeletal warrior

Vault maps used:
D:        linesprint

Skill      XL: |  1  2  3  4  5 |
---------------+----------------+-----
Fighting       | 4 6 7 9 |  9.7
Shields        | 4 5 6 9 |  9.6
Axes           | 3 4 5 8 |  8.8
Armour         | 4 5 6 9 |  9.6
Dodging        | 1 3 7 |  7.0
Invocations    | 1 4 |  4.4

Action                   |  1- 3 |  4- 6 |  7- 9 || total
-------------------------+-------+-------+-------++-------
Melee: War axe           |    42 |       |       ||    42
       Headbutt          |     9 |     5 |       ||    14
       Broad axe         |     4 |    14 |    12 ||    30
Invok: Stomp             |       |     2 |     2 ||     4
Evoke: Wand              |       |       |     2 ||     2
  Use: Potion            |       |     3 |     3 ||     6
       Scroll            |       |       |     1 ||     1
  Eat: Bread ration      |     1 |       |       ||     1
Armor: Scale mail        |    18 |       |       ||    18
       Chain mail        |     1 |    10 |     3 ||    14
Dodge: Dodged            |    11 |     6 |     4 ||    21
Block: Shield            |    16 |    16 |    11 ||    43
